 Dungeon Crawl Stone Soup version 0.25-a0-665-ga69d64035b (webtiles) character file.

Game seed: 14645773803054684908, levelgen mode: deterministic

201 MisterFreud the Skirmisher (level 5, -1/26 HPs)
             Began as a Felid Berserker on Mar 26, 2020.
             Was a Believer of Trog.
             Slain by a killer bee zombie (6 damage)
             ... on level 4 of the Dungeon.
             The game lasted 00:03:47 (2999 turns).

MisterFreud the Skirmisher (Felid Berserker)        Turns: 2999, Time: 00:03:47

Health: -1/26      AC:  1    Str: 13    XL:     5   Next: 50%
Magic:  6/6        EV: 20    Int:  8    God:    Trog [**....]
Gold:   179        SH:  0    Dex: 17    Spells: 4/4 levels left
                                        Lives:  0   Deaths: 1

rFire    . . .     SeeInvis +     - Unarmed
rCold    . . .     Gourm    .   (shield unavailable)
rNeg     . . .     Faith    .   (armour unavailable)
rPois    .         Spirit   .   (helmet unavailable)
rElec    .         Reflect  .   (cloak unavailable)
rCorr    .         Harm     .   (gloves unavailable)
MR       .....                  (boots unavailable)
Stlth    +++.......             (no amulet)
HPRegen  0.08/turn              (no ring)
MPRegen  0.10/turn              (no ring)

@: quick
A: very small, no armour, no weapons or thrown items, stealth, claws 1, fangs 3,
see invisible, carnivore, speed 1, shaggy fur 1, slow metabolism 1, sharp paws
a: Berserk, Trog's Hand, Renounce Religion


You were on level 4 of the Dungeon.
You worshipped Trog.
Trog was pleased with you.
You were very full.

You visited 1 branch of the dungeon, and saw 4 of its levels.

You collected 179 gold pieces.

Inventory:

Scrolls
 b - 2 scrolls of remove curse
 e - a scroll of fog
 g - a scroll of amnesia {unknown}
 h - a scroll of identify {unknown}
 i - a scroll of enchant weapon {unknown}
 j - a scroll of blinking {unknown}
 k - a scroll of random uselessness {unknown}
 l - 2 scrolls of immolation {unknown}
 p - a scroll of magic mapping {unknown}
Potions
 c - a potion of heal wounds {unknown}
 d - a potion of curing {unknown}
 f - a potion of flight {unknown}
 m - a potion of ambrosia {unknown}
 n - 2 potions of berserk rage {unknown}
 o - a potion of resistance {unknown}
Comestibles
 a - 6 rations


   Skills:
 + Level 5.4 Fighting
 + Level 4.8 Dodging
 + Level 2.5 Stealth
 * Level 4.2 Unarmed Combat


You had 4 spell levels left.
You didn't know any spells.
Your spell library was empty.

Dungeon Overview and Level Annotations

Branches:
Dungeon (4/15)
 Temple: D:4-7

Altars:
Zin


Innate Abilities, Weirdness & Mutations

You cannot wear armour.
You are incapable of wielding weapons or throwing items.
Your paws allow you to move quietly. (Stealth)
You have sharp claws.
You have razor-sharp teeth.
You have supernaturally acute eyesight. (SInv)
You are carnivorous and can eat meat at any time.
You cover ground quickly.
You are covered in fur. (AC +1)
You have a slow metabolism.
Your sharp claws are effective at attacking unaware monsters.


Message History

The killer bee zombie is heavily damaged.
The killer bee zombie closely misses you.
You scratch the killer bee zombie but do no damage.
Your claw misses the killer bee zombie.
The killer bee zombie is heavily damaged.
The killer bee zombie hits you.
* * * LOW HITPOINT WARNING * * *
The killer bee zombie completely misses you.
You scratch the killer bee zombie. Your bite misses the killer bee zombie.
The killer bee zombie is severely damaged.
The killer bee zombie misses you.
The killer bee zombie closely misses you.
You scratch the killer bee zombie. Your bite misses the killer bee zombie.
The killer bee zombie is severely damaged.
The killer bee zombie hits you.
* * * LOW HITPOINT WARNING * * *
You closely miss the killer bee zombie. Your bite misses the killer bee zombie.
The killer bee zombie is severely damaged.
The killer bee zombie hits you.
You die...

#.###)[######### #
#...## ### .##....##
#.. #........## #.#
###.......## #.#
#.........# #.#
#..........# #.# #
##.........###.#.##.#
##...........@Z....#
##.....############
##...## ####


You could see a killer bee zombie.

Vanquished Creatures
  3 orc wizards (D:3)
  2 orc priests (D:3)
  An iguana (D:4)
  4 adders (D:3)
  An ooze (D:2)
  2 worms
  A dart slug (D:1)
  3 leopard geckos
  11 orcs
  10 bats
  2 giant cockroaches (D:3)
  7 goblins
  7 hobgoblins
  A quokka (D:2)
  A ball python (D:2)
  2 frilled lizards
  9 kobolds
  3 rats
70 creatures vanquished.

Notes
Turn   | Place    | Note
-------+----------+-------------------------------------------
     0 | D:1      | MisterFreud the Felid Berserker began the quest for the
                  | Orb.
     0 | D:1      | Reached XP level 1. HP: 10/10 MP: 2/2
   159 | D:1      | Reached XP level 2. HP: 12/14 MP: 3/3
   721 | D:2      | Reached skill level 4 in Fighting
   967 | D:2      | Reached ** piety under Trog
   991 | D:2      | Reached XP level 3. HP: 18/18 MP: 4/4
  1498 | D:3      | Found a glowing silver altar of Zin.
  1499 | D:3      | Noticed an angel
  1760 | D:3      | Reached skill level 5 in Fighting
  1760 | D:3      | Reached XP level 4. HP: 17/23 MP: 5/5
  1995 | D:3      | Reached skill level 1 in Stealth
  2536 | D:3      | Reached XP level 5. HP: 17/26 MP: 6/6
  2553 | D:3      | Killed from afar by an orc wizard
  2554 | D:3      | Reached XP level 4. HP: 0/23 MP: 5/5
  2577 | D:3      | Reached XP level 5. HP: 4/26 MP: 6/6
  2999 | D:4      | Slain by a killer bee zombie

Levels and vault maps discovered:
D:1:      dpeg_arrival_rhombi, layout_rooms
D:2:      layout_loops_cross, serial_bayou_crossing
D:3:      layout_basic, zin_angel, grunt_ministairs_14
D:4:      layout_loops_cross, lemuel_doored_altar, nicolae_ru_awakened_eye,
          serial_shops, shop, fedhas_altar_3

Skill      XL: |  1  2  3  4 |
---------------+-------------+-----
Fighting       | 4 5 |  5.4
Stealth        | 2 |  2.5
Unarmed Combat | 4 |  4.2
Dodging        | |  4.8

Action                   |  1- 3 |  4- 6 || total
-------------------------+-------+-------++-------
Melee: Unarmed           |    98 |    95 ||   193
       Bite              |     9 |     7 ||    16
       Punch             |     1 |       ||     1
Invok: Berserk           |     2 |     3 ||     5
       Trog's Hand       |       |     1 ||     1
  Use: Scroll            |     2 |       ||     2
 Stab: Sleeping          |     4 |     2 ||     6
  Eat: Chunk             |    10 |     8 ||    18
Armor: Skin              |     6 |     2 ||     8
Dodge: Dodged            |    83 |    82 ||   165

Table legend:
 A = Non-vault XP
 B = Vault XP
 C = Vault XP percentage of total XP
 D = Non-vault monster count
 E = Vault monster count
 F = Vault count percentage of total count
                 A         B        C        D         E       F
            +---------+---------+-------+---------+---------+-------
      Total |     398 |      14 |   3.4 |      68 |       2 |   2.9
            +---------+---------+-------+---------+---------+-------
        D:1 |      24 |       0 |   0.0 |      14 |       0 |   0.0
        D:2 |      34 |       0 |   0.0 |      15 |       0 |   0.0
        D:3 |     296 |      14 |   4.5 |      35 |       2 |   5.4
        D:4 |      44 |       0 |   0.0 |       4 |       0 |   0.0
            +---------+---------+-------+---------+---------+-------
